 Dungeon Crawl Stone Soup version 0.17-a0-18-gc25b939 (webtiles) character file.

23 JacquesDerrida the Caller (level 2, 0/19 HPs)
             Began as a Merfolk Summoner on Mar 7, 2015.
             Hit by a stone thrown by a kobold (2 damage)
             ... on level 3 of the Dungeon.
             The game lasted 00:02:55 (801 turns).

JacquesDerrida the Caller (Merfolk Summoner)         Turns: 801, Time: 00:02:55

Health: 0/19       AC:  2    Str:  8    XL:     2   Next: 95%
Magic:  1/4        EV: 13    Int: 14    God:
Gold:   54         SH:  0    Dex: 14    Spells: 2 memorised, 2 levels left

rFire  . . .     SeeInvis +     f - +1 short sword (drain)
rCold  . . .     Clarity  .     a - +0 robe
rNeg   . . .     SustAb   .     (no shield)
rPois  .         Gourm    .     (no helmet)
rElec  .         Spirit   .     (no cloak)
rCorr  .         Warding  .     (no gloves)
rMut   .         Stasis   .     (no boots)
MR     .....                    (no amulet)
Stlth  ++........               (no ring)
                                h - ring of see invisible

@: not resistant to hostile enchantments, unstealthy
A: change form in water, swift swim
a: no special abilities


You were on level 3 of the Dungeon.
You were hungry.

You visited 1 branch of the dungeon, and saw 3 of its levels.

You collected 54 gold pieces.

Inventory:

Hand weapons
 f - a +1 short sword of draining (weapon)
 i - a +3 dagger of venom
Armour
 a - a +0 robe (worn)
Jewellery
 h - a ring of see invisible (left hand)
Scrolls
 g - a scroll of immolation
 k - a scroll of remove curse {unknown}
 l - 2 scrolls of identify {unknown}
Potions
 e - 2 potions of restore abilities {unknown}
 n - a potion of curing {unknown}
 o - a potion of mutation {unknown}
 p - a potion of ambrosia {unknown}
Books
 b - a book of Callings

   Spells                             Type                      Level
   a - Summon Small Mammal            Summoning                    1
   b - Call Imp                       Summoning                    2
   c - Call Canine Familiar           Summoning                    3
   d - Summon Guardian Golem          Hexes/Summoning              4
   e - Summon Lightning Spire         Summoning/Air                4
   f - Summon Ice Beast               Ice/Summoning                4
Comestibles
 c - 3 bread rations
 m - 2 meat rations
 q - 3 fruits
 r - 4 chunks of flesh


   Skills:
 - Level 2.6 Dodging
 - Level 2.1 Stealth
 - Level 2.0 Spellcasting
 + Level 4.8 Summonings


You had 2 spell levels left.
You knew the following spells:

 Your Spells              Type           Power        Failure   Level  Hunger
a - Summon Small Mammal   Summ           ###.         3%          1    ##.....
b - Call Imp              Summ           ###.....     6%          2    ###....


Dungeon Overview and Level Annotations

Branches:
Dungeon (3/15)

Altars:
Qazlal

Annotations:
D:3 aimeelou's ghost, average DEFE


Message History

The kobold misses you.
Your crimson imp blinks!
You see here a giant cockroach corpse.
You miss the kobold. The kobold misses you.
You barely miss the kobold. The kobold hits you.
* * * LOW HITPOINT WARNING * * *
The kobold closely misses you.
You are too injured to fight recklessly!
You are too injured to fight recklessly!
You are too injured to fight recklessly!
You barely miss the kobold.
Your iron imp hits the kobold.
The kobold dies!
A rat comes into view.
Your crimson imp blinks!
The kobold throws a stone.
The stone hits you.
* * * LOW HITPOINT WARNING * * *
Found a glowing whip.
Your crimson imp blinks!
The kobold throws a stone.
The stone hits you.
You die...

.###### .......# .
........# #..
#........# # ...#
#........# ### ... ...#
#........# #.. ....
.... ....r...§.#
#.#...... ....#
#...)K.@.######.#......
###.####55...........(.
#
...###.....##.#..(...%
#
..........††...........
#
...####.#.###...#....#
# . ...#.# #...#....#
###.#.# #K.......#
....###.###....#
###.##...# ....


You could see a kobold, a rat (sleeping), a friendly iron imp and a friendly
crimson imp.

Vanquished Creatures
  2 hobgoblins (D:2)
  2 bats
  A giant cockroach (D:2)
  3 giant newts
  2 rats
10 creatures vanquished.

Vanquished Creatures (collateral kills)
  A worm (D:2)
  2 orcs
  3 giant cockroaches
  4 kobolds
  A bat (D:3)
  A giant newt (D:1)
  A goblin (D:1)
  A rat (D:1)
14 creatures vanquished.

Vanquished Creatures (others)
  A white imp (D:3)
  A shadow imp (D:3)
  A bat (D:2)
3 creatures vanquished.

Grand Total: 27 creatures vanquished

Notes
Turn   | Place    | Note
--------------------------------------------------------------
     0 | D:1      | JacquesDerrida, the Merfolk Summoner, began the quest for the Orb.
     0 | D:1      | Reached XP level 1. HP: 13/13 MP: 3/3
   343 | D:2      | Reached XP level 2. HP: 19/19 MP: 1/4
   347 | D:2      | Learned a level 2 spell: Call Imp
   645 | D:3      | Noticed aimeelou's ghost (average DEFE)
   781 | D:3      | Found a stormy altar of Qazlal.
   801 | D:3      | Hit by a stone thrown by a kobold

Action                   || total
-------------------------++-------
Melee: Short sword       ||    23
       Unarmed           ||     3
 Cast: Summon Small Mamm ||    19
       Call Imp          ||     8
  Use: Scroll            ||     3
 Stab: Sleeping          ||     2
